AoeStats
← Arctic Empire

Black Forest

509946303Analyzed
4v4 RM · 5d ago on Sep 28, 2026· 13m 9s· 8 players
Game mode
Random Map
Map size
Large (8 player)
Population
200
Speed
Normal
Resources
Standard
Victory
Conquest
Starting age
Dark Age
Ending age
Imperial Age
RankedLock teamsTeams togetherTeam positionsShared explorationLock speedFull tech treeHidden civsTurbo modeCheats
Victory
Defeat
🇦🇷 Italians · Argentina
1416
+15
🇲🇽 Saracens · Mexico
1358
+17
🇪🇸 Koreans · Spain
1309
+19
🇪🇸 Turks · Spain
1163
+25
🇹🇷 Bohemians · Türkiye
1495
-23
🇹🇷 Varangians · Türkiye
1360
-18
🇲🇽 Khmer · Mexico
1354
-18
🇮🇹 Celts · Italy
1323
-17
GdR_Salinaro
0:27 Loom
11:31 Feudal Age
YuF
11:36 Feudal Age
12:43 Loom
15:19 Castle Age
MEMATİ
0:26 Loom
14:39 Feudal Age
DarkPaladin
12:30 Feudal Age
EntrecoitoS
11:24 Feudal Age
Arctic Empire
7:45 Loom
11:20 Feudal Age
11:54 Double-Bit Axe
FlashKiller
6:06 Loom
9:06 Feudal Age
Blas de lezo
0:49 Loom
11:21 Feudal Age
Connection lost

Rejoining the realm…

Still unreachable

The connection could not be restored.

Session expired

The server has moved on; the page needs a fresh start.